 Dungeon Crawl Stone Soup version 0.31-a0-702-gf82c85558f (webtiles) character file.

Game seed: 4194531720439657542

233 Newt the Shooter (level 6, -4/40 HPs)
             Began as a Kobold Hunter on Sept 8, 2023.
             Killed by nerve-wracking pain
             ... invoked by an orc priest
              (9 damage)
             ... on level 3 of the Dungeon.
             The game lasted 00:01:33 (1927 turns).

Newt the Shooter (Kobold Hunter)                    Turns: 1927, Time: 00:01:34

Health: -4/40      AC:  4    Str:  9    XL:     6   Next: 25%
Magic:  6/6        EV: 14    Int: 10    God:
Gold:   50         SH:  0    Dex: 20    Spells: 5/5 levels left

rFire   . . .        a - +0 shortbow
rCold   . . .        (shield currently unavailable)
rNeg    . . .        c - +0 leather armour
rPois   .            (no helmet)
rElec   .            (no cloak)
rCorr   .            (no gloves)
SInv    .            e - +0 pair of boots
Will    .....        (no amulet)
Stlth   +++          (no ring)
HPRegen 0.26/turn    (no ring)
MPRegen 0.10/turn

%: no passive effects
@: no status effects
A: small, no large weapons, nightstalker 3
a: no special abilities


You were on level 3 of the Dungeon.
You visited 1 branch of the dungeon, and saw 3 of its levels.

You collected 50 gold pieces.

Inventory:

Hand Weapons
 a - a +0 shortbow (weapon)
Armour
 c - a +0 leather armour (worn)
 e - a +0 pair of boots (worn)
Jewellery
 i - a ring of wizardry
Scrolls
 b - a scroll of butterflies
 d - 2 scrolls of immolation {unknown}
 f - a scroll of teleportation {unknown}
 g - a scroll of brand weapon {unknown}
 h - a scroll of blinking {unknown}
 j - a scroll of identify {unknown}


   Skills:
 - Level 5.0 Fighting
 + Level 7.5 Ranged Weapons
 - Level 2.4 Dodging
 - Level 1.3 Stealth


You had 5 spell levels left.
You didn't know any spells.
Your spell library contained the following spells:

 Spells                   Type           Power      Damage    Failure   Level
 Shock                    Conj/Air       0%         1d3       47%         1
 Ensorcelled Hibernation  Hex/Ice        0%         N/A       63%         2
 Passwall                 Tmut/Erth      0%         N/A       63%         2
 Sublimation of Blood     Necr           0%         N/A       63%         2
 Wereblood                Tmut           0%         N/A       63%         2
 Swiftness                Air            0%         N/A       85%         3
 Airstrike                Air            0%         2d(0-16)  99%         4
 Summon Hydra             Summ           0%         N/A       100%        7


Dungeon Overview and Level Annotations

Branches:
Dungeon (3/15)

Altars:


Innate Abilities, Weirdness & Mutations

You are small and have problems with some larger weapons.
You are completely attuned to the shadows.


Message History

The arrow hits the orc but does no damage.
The orc is heavily wounded.
The orc priest casts a cantrip, but nothing happens.
The orc hits you with a +0 hand axe.
You shoot an arrow. The arrow hits the orc!
You kill the orc!
Unknown command.
You shoot an arrow.
The arrow barely misses the frilled lizard.
The frilled lizard closely misses you.
You shoot an arrow. The arrow hits the frilled lizard.
You kill the frilled lizard!
The orc hits you from afar with a +0 trident!
The orc priest invokes the aid of Beogh against you.
You barely resist. You shoot an arrow. The arrow hits the orc priest!
The orc priest is heavily wounded.
The orc closely misses you.
You shoot an arrow. The arrow hits the orc priest.
The orc priest is almost dead.
The orc closely misses you.
The orc priest mumbles some strange prayers to Beogh against you.
Beogh smites you!
You are too injured to fight recklessly!
You are too injured to fight recklessly!
You are too injured to fight recklessly!
You are too injured to fight recklessly!
You are too injured to fight recklessly!
You are too injured to fight recklessly!
You are too injured to fight recklessly!
You are too injured to fight recklessly!
You are too injured to fight recklessly!
You shoot an arrow. The arrow barely misses the orc priest.
The orc priest hits you with a +0 club.
* * * LOW HITPOINT WARNING * * *
The orc hits you from afar with a +0 trident.
* * * LOW HITPOINT WARNING * * *
The orc priest mumbles some strange prayers to Beogh against you.
Pain shoots through your body!
You die...

... ##.. #)o #o#
#@# ##.# #. #..#
...#. ####.##
...#.######....#
......#......####
.....#..######
....#..##
......##


You could see an orc priest and an orc.

Vanquished Creatures
  Sigmund (D:2)
  An adder (D:2)
  2 gnolls (D:1)
  A dart slug (D:1)
  3 orcs (D:3)
  7 endoplasms
  A giant cockroach (D:1)
  3 goblins
  4 hobgoblins
  2 kobolds
  A quokka (D:2)
  6 ball pythons
  2 bats (D:2)
  4 frilled lizards
  3 rats (D:1)
41 creatures vanquished.

Notes
Turn   | Place    | Note
-------+----------+-------------------------------------------
     0 | D:1      | Newt the Kobold Hunter began the quest for the Orb.
     0 | D:1      | Reached XP level 1. HP: 12/12 MP: 1/1
   104 | D:1      | Reached XP level 2. HP: 18/18 MP: 2/2
   378 | D:1      | Reached XP level 3. HP: 16/24 MP: 3/3
  1127 | D:2      | Reached XP level 4. HP: 27/30 MP: 4/4
  1559 | D:2      | Noticed Sigmund
  1568 | D:2      | Killed Sigmund
  1569 | D:2      | Reached skill level 5 in Fighting
  1569 | D:2      | Reached skill level 7 in Ranged Weapons
  1569 | D:2      | Reached XP level 5. HP: 14/35 MP: 5/5
  1569 | D:2      | Reached XP level 6. HP: 16/40 MP: 6/6
  1927 | D:3      | Killed from afar by an orc priest

Illustrated notes

Levels and vault maps discovered:
D:1:      kennysheep_arrival_forest, layout_basic
D:2:      layout_rooms, nicolae_figureground_sparkle, uniq_sigmund
D:3:      layout_rooms, shapermc_ecumenical_altar_starsandcircs, st_stairs_4,
          minmay_diced_spiral

Skill      XL: |  1  2  3  4 |
---------------+-------------+-----
Fighting       | 3 4 5 |  5.0
Ranged Weapons | 7 |  7.5
Dodging        | |  2.4
Stealth        | |  1.3

Action                     |  1- 3 |  4- 6 || total
---------------------------+-------+-------++-------
   Fire: Shortbow          |    63 |    48 ||   111
    Use: Potion            |     1 |       ||     1
 Armour: Leather armour    |    12 |     9 ||    21
  Dodge: Dodged            |    13 |    11 ||    24

Table legend: (Time is in decaauts)
 A = Elapsed time spent in this place.
 B = Non-inter-level travel time spent in this place.
 C = Inter-level travel time spent in this place.
 D = Time resting spent in this place.
 E = Time spent auto-exploring this place.
 F = Levels seen in this place.
 G = Mean time per level.
                   A        B        C        D        E       F      G
               +--------+--------+--------+--------+--------+-----+--------+
         Total |   1944 |   1865 |     79 |    474 |   1186 |   3 |  648.0 |
       Dungeon |   1944 |   1865 |     79 |    474 |   1186 |   3 |  648.0 |
               +--------+--------+--------+--------+--------+-----+--------+

Top non-repeatable levels by time:
     D:1: 1071 daAuts
     D:2: 831 daAuts
     D:3: 41 daAuts
